 Dungeon Crawl Stone Soup version 0.22-a0-283-g1871b15 (webtiles) character file.

685 Amnesiac the Zephyrmancer (level 7, -2/36 HPs)
             Began as a Tengu Air Elementalist on Mar 20, 2018.
             Shot with an arrow by a centaur (17 damage)
             ... on level 5 of the Dungeon.
             The game lasted 00:08:04 (4971 turns).

Amnesiac the Zephyrmancer (Tengu Air Elementalist)  Turns: 4971, Time: 00:08:05

Health: -2/36      AC:  3    Str:  9    XL:     7   Next: 62%
Magic:  24/25      EV: 12    Int: 20    God:
Gold:   268        SH:  0    Dex: 14    Spells: 5/17 levels left

rFire    . . .     SeeInvis .   a - +2 short sword (speed)
rCold    . . .     Gourm    .   (no shield)
rNeg     . . .     Faith    .   d - +0 robe
rPois    .         Spirit   .   (helmet restricted)
rElec    .         Reflect  .   z - +0 cloak
rCorr    .         Harm     .   (no gloves)
MR       .....                  (boots unavailable)
Stlth    ++........             (no amulet)
HPRegen  0.12/turn              u - ring of magical power
MPRegen  0.19/turn              s - +3 ring of intelligence

@: no status effects
A: beak, talons 3, able to fly 1
a: Fly


You were on level 5 of the Dungeon.
You were hungry.

You visited 1 branch of the dungeon, and saw 5 of its levels.

You collected 294 gold pieces.
You spent 26 gold pieces at shops.

Inventory:

Hand Weapons
 a - a +2 short sword of speed (weapon)
 b - a +0 blowgun
Missiles
 n - 3 curare-tipped needles
Armour
 d - a +0 robe (worn)
 z - a +0 cloak (worn)
Jewellery
 l - an uncursed ring of poison resistance
 s - a +3 ring of intelligence (right hand)
 t - an uncursed ring of fire
 u - a ring of magical power (left hand)
Wands
 o - a wand of iceblast (14)
 q - a wand of digging (22)
Scrolls
 f - 2 scrolls of blinking {!r, unknown}
 h - a scroll of amnesia {!r, unknown}
 k - a scroll of enchant armour {!r}
 m - a scroll of identify {!r}
 p - a scroll of teleportation {!r, unknown}
 v - 2 scrolls of noise {!r, unknown}
 w - a scroll of enchant weapon {!r, unknown}
 y - a scroll of fog {!r}
 A - 3 scrolls of remove curse {!r}
Potions
 e - a potion of cancellation {!q, unknown}
 g - a potion of heal wounds {!q}
 i - 4 potions of might {!q}
 j - 2 potions of curing {!q}
 r - a potion of mutation {!q}
 x - a potion of flight {!q, unknown}
Comestibles
 c - 9 rations


   Skills:
 - Level 2.1 Dodging
 - Level 2.0 Stealth
 + Level 5.9 Spellcasting
 - Level 1.3 Conjurations
 - Level 8.0 Air Magic


You had 5 spell levels left.
You knew the following spells:

 Your Spells              Type           Power        Failure   Level  Hunger
a - Shock                 Conj/Air       ###.         1%          1    None
b - Swiftness             Chrm/Air       ###.....     3%          2    None
c - Lightning Bolt        Conj/Air       ###.......   38%         5    #####..
d - Airstrike             Air            #####.....   3%          4    ####...


Dungeon Overview and Level Annotations

Branches:
Dungeon (5/15)
 Temple: D:4-7

Altars:
Ashenzari
Fedhas
Gozag
Ru
Vehumet
Wu Jian
Xom

Shops:
D:5 *[

Annotations:
D:4 Pikel
D:5 Menkaure


Innate Abilities, Weirdness & Mutations

You have a beak for a mouth.
You have claws for feet.
You can fly.


Message History

Unknown command.
There is a dry fountain here.
Found a stone staircase leading up.
Magic restored.
There is a stone staircase leading up here.
You open the door.
There is an open door here.
Found an escape hatch in the ceiling.
j - 2 potions of curing {!q} (gained 1)
A - 3 scrolls of remove curse {!r} You now have 268 gold pieces (gained 10).
Found a chain mail.
Found a stone staircase leading down.
HP restored.
Found a radiant altar of Vehumet.
A kobold comes into view.
The kobold shouts!
The kobold zaps a wand.
The puff of flame hits you!
It is a wand of flame (19).
A kobold is nearby!
Casting: Shock (safe; 1% risk of failure)
Confirm with . or Enter, or press ? or * to list all spells.
Aiming: Shock (safe; 1% risk of failure)
Press: ? - help, Shift-Dir - straight line, f - kobold
Aim: a kobold, carrying a wand of flame (19)
The zap hits the kobold.
The kobold is severely wounded.
Casting: Shock (safe; 1% risk of failure)
Confirm with . or Enter, or press ? or * to list all spells.
Aiming: Shock (safe; 1% risk of failure)
Press: ? - help, Shift-Dir - straight line, f/p - kobold
Aim: a kobold, carrying a wand of flame (19) (severely wounded)
The zap hits the kobold.
You kill the kobold!
Casting: Shock (safe; 1% risk of failure)
Confirm with . or Enter, or press ? or * to list all spells.
You can't see any susceptible monsters within range! (Use Z to cast anyway.)
Casting: Shock (safe; 1% risk of failure)
Confirm with . or Enter, or press ? or * to list all spells.
You can't see any susceptible monsters within range! (Use Z to cast anyway.)
Casting: Shock (safe; 1% risk of failure)
Confirm with . or Enter, or press ? or * to list all spells.
You can't see any susceptible monsters within range! (Use Z to cast anyway.) Menkaure, Prince of Dust comes into view.
Menkaure is nearby!
Found a stone staircase leading down.
A centaur comes into view.
Menkaure shouts!
The centaur shouts!
The centaur wields a shortbow.
The centaur shoots an arrow.
The arrow misses you.
Casting: Shock (safe; 1% risk of failure)
Confirm with . or Enter, or press ? or * to list all spells.
Aiming: Shock (safe; 1% risk of failure)
Press: ? - help, Shift-Dir - straight line That beam is likely to hit you.
Continue anyway?
Okay, then.
The centaur shoots an arrow.
The arrow misses you.
Menkaure calls on the powers of darkness!
Your body is wracked with pain!
* * * LOW HITPOINT WARNING * * *
The centaur convulses!
The centaur shoots an arrow.
The arrow hits you.
* * * LOW HITPOINT WARNING * * *
The centaur shoots an arrow.
The arrow hits you!
You die...

♣♣♣#....[.##..##
#..>....####
##.##...#
##.######
#.......#####
#............#
#........#....
######........
###(.@.#._.#..
#.(...........
#.M......#....
#.............
#.......#.###.
#...........
#####c.######
#>.# ...


You could see Menkaure and a centaur.

Vanquished Creatures
  3 slaves
  A phantom (D:4)
  A centaur (D:4)
  A bullfrog zombie (D:5)
  A crimson imp (D:4)
  A hound (D:4)
  An orc priest (D:4)
  A bullfrog skeleton (D:4)
  A centaur skeleton (D:4)
  4 orc wizards
  2 worker ants
  7 adders
  A shadow imp (D:5)
  An adder skeleton (D:5)
  4 worms
  2 dart slugs (D:2)
  2 leopard geckos
  12 orcs
  3 ball pythons
  3 giant cockroaches
  6 goblins
  6 hobgoblins
  3 jackals (D:3)
  12 kobolds
  11 bats
  7 frilled lizards
  A leopard gecko skeleton (D:5)
  7 rats
105 creatures vanquished.

Notes
Turn   | Place    | Note
-------+----------+-------------------------------------------
     0 | D:1      | Amnesiac the Tengu Air Elementalist began the quest for the Orb.
     0 | D:1      | Reached XP level 1. HP: 10/10 MP: 4/4
   216 | D:1      | Reached XP level 2. HP: 3/15 MP: 0/6
   652 | D:1      | Reached skill level 5 in Air Magic
   666 | D:1      | Reached XP level 3. HP: 18/19 MP: 0/7
   670 | D:1      | Learned a level 2 spell: Swiftness
   960 | D:2      | Found a sacrificial altar of Ru.
   976 | D:2      | Reached XP level 4. HP: 15/24 MP: 1/9
   982 | D:2      | Learned a level 4 spell: Airstrike
  1151 | D:2      | Found a blossoming altar of Fedhas.
  1508 | D:2      | Reached skill level 6 in Air Magic
  2045 | D:3      | Gained mutation: You can fly. [Tengu growth]
  2045 | D:3      | Reached XP level 5. HP: 25/28 MP: 3/10
  2564 | D:3      | Found a shimmering altar of Xom.
  2781 | D:4      | Reached skill level 7 in Air Magic
  2799 | D:4      | Reached XP level 6. HP: 31/32 MP: 2/12
  2806 | D:4      | Learned a level 5 spell: Lightning Bolt
  3353 | D:4      | Found an opulent altar of Gozag.
  3371 | D:4      | Reached skill level 8 in Air Magic
  3539 | D:4      | Noticed a phantom
  3541 | D:4      | Killed a phantom
  3541 | D:4      | Reached XP level 7. HP: 36/36 MP: 14/15
  3675 | D:4      | Reached skill level 5 in Spellcasting
  4300 | D:5      | Entered Level 5 of the Dungeon
  4300 | D:5      | Noticed Pikel
  4553 | D:5      | Found Namenico's General Store.
  4556 | D:5      | Bought a scroll of fog for 26 gold pieces
  4565 | D:5      | Found an ornate altar of the Wu Jian Council.
  4706 | D:5      | Found a shattered altar of Ashenzari.
  4869 | D:5      | Found Qareto's Armour Shop.
  4958 | D:5      | Found a radiant altar of Vehumet.
  4966 | D:5      | Noticed Menkaure
  4971 | D:5      | Shot with an arrow by a centaur

Vault maps used:
D:1:      dpeg_arrival_yet_another_circle
D:2:      fedhas_altar_2, nicolae_ru_great_annihilating_truth
D:3:      xom_teletrap_fun
D:4:      overflow_temple_1_default, first_ration
D:5:      kb_forest_paths, vehumet_altar_wand_db, old_standard_altar,
          nicolae_ashenzari_panopticon, serial_shops, shop,
          nicolae_shop_temple_entry_statues_fountains, uniq_pikel, uniq_menkaure

Skill      XL: |  1  2  3  4  5  6  7 |
---------------+----------------------+-----
Air Magic      | 5 6 7 8 |  8.0
Spellcasting   | 3 4 5 |  5.9
Dodging        | |  2.1
Stealth        | |  2.0
Conjurations   | |  1.3

Action                   |  1- 3 |  4- 6 |  7- 9 || total
-------------------------+-------+-------+-------++-------
Melee: Unarmed           |    23 |     2 |       ||    25
       Kick              |     5 |     2 |       ||     7
       Peck              |       |     3 |       ||     3
       Short sword       |       |    19 |     4 ||    23
 Fire: Blowgun           |       |     1 |       ||     1
 Cast: Shock             |    50 |   128 |    37 ||   215
       Airstrike         |       |    11 |    21 ||    32
 Abil: Fly               |       |       |     1 ||     1
  Use: Scroll            |       |    12 |       ||    12
 Stab: Sleeping          |     1 |       |       ||     1
  Eat: Chunk             |     1 |    10 |     7 ||    18
Armor: Robe              |    10 |     2 |     1 ||    13
Dodge: Dodged            |    23 |    24 |    15 ||    62

Table legend:
 A = Spawn XP
 B = Non-spawn XP
 C = Spawn XP percentage of total XP
 D = Spawn monster count
 E = Non-spawn monster count
 F = Spawn count percentage of total count
 G = Total turns spent on level
                    A         B        C        D         E        F      G
               +---------+---------+-------+---------+---------+-------+---------
         Total |       0 |     979 |   0.0 |       0 |     102 |   0.0 |  4971
               +---------+---------+-------+---------+---------+-------+---------
           D:1 |       0 |      42 |   0.0 |       0 |      24 |   0.0 |   920
           D:2 |       0 |      70 |   0.0 |       0 |      19 |   0.0 |   642
           D:3 |       0 |     118 |   0.0 |       0 |      25 |   0.0 |  1126
           D:4 |       0 |     634 |   0.0 |       0 |      27 |   0.0 |  1678
           D:5 |       0 |     115 |   0.0 |       0 |       7 |   0.0 |   605
               +---------+---------+-------+---------+---------+-------+---------
